 Dungeon Crawl Stone Soup version 0.20-a0-390-g4892b34 (webtiles) character file.

46 BearKnight92 the Firebug (level 3, -1/26 HPs)
             Began as a Draconian Fire Elementalist on Dec 30, 2016.
             Slain by a gnoll
             ... wielding a +0 spear
              (7 damage)
             ... on level 3 of the Dungeon.
             The game lasted 00:14:56 (1072 turns).

BearKnight92 the Firebug (DrFE)                     Turns: 1072, Time: 00:14:56

Health: -1/26      AC:  6    Str: 10    XL:     3   Next: 46%
Magic:  1/6        EV: 12    Int: 16    God:
Gold:   127        SH:  0    Dex: 11    Spells: 5/6 levels left

rFire  + . .     SeeInvis .     (no weapon)
rCold  . . .     Gourm    .     (armour unavailable)
rNeg   . . .     Faith    .     (no shield)
rPois  .         Spirit   .     (helmet restricted)
rElec  .         Reflect  .     (no cloak)
rCorr  .         Harm     .     d - +0 pair of gloves
MR     .....                    (no boots)
Stlth  ++........               (no amulet)
                                i - ring of protection from cold
                                c - ring of fire

@: no status effects
A: unfitting armour, cold-blooded, AC +5
a: no special abilities


You were on level 3 of the Dungeon.
You were not hungry.

You visited 1 branch of the dungeon, and saw 3 of its levels.

You collected 127 gold pieces.

Inventory:

Armour
 d - a +0 pair of gloves (worn)
 o - a +0 pair of gloves
Jewellery
 c - a ring of fire (left hand)
 i - a ring of protection from cold (right hand)
Wands
 p - a wand of enslavement (8/24)
Scrolls
 e - 3 scrolls of identify {unknown}
 j - 3 scrolls of remove curse
 k - a scroll of magic mapping {unknown}
Potions
 f - a potion of magic {unknown}
 l - a potion of mutation {unknown}
 m - a potion of resistance {unknown}
 n - a potion of curing {unknown}
Books
 a - a book of Flames

   Spells                             Type                      Level
   a - Flame Tongue                   Conjuration/Fire             1
   b - Throw Flame                    Conjuration/Fire             2
   c - Conjure Flame                  Conjuration/Fire             3
   d - Inner Flame                    Hexes/Fire                   3
   e - Sticky Flame                   Conjuration/Fire             4
   f - Fireball                       Conjuration/Fire             5
Comestibles
 b - a bread ration
 g - a chunk of flesh
 h - 2 meat rations


   Skills:
 + Level 1.9 Dodging
 + Level 1.8 Stealth
 * Level 2.4 Spellcasting
 * Level 1.5 Conjurations
 * Level 3.9 Fire Magic


You had 5 spell levels left.
You knew the following spells:

 Your Spells              Type           Power        Failure   Level  Hunger
a - Flame Tongue          Conj/Fire      ###..        10%         1    #......


Dungeon Overview and Level Annotations

Branches:
Dungeon (3/15)

Altars:
Xom


Innate Abilities, Weirdness & Mutations

Your plain brown scales are hard. (AC +5)
You cannot fit into any form of body armour.
You are cold-blooded and may be slowed by cold attacks.


Message History

The jackal is almost dead.
The leopard gecko closely misses you. The gnoll closely misses you.
The jackal bites you but does no damage.
The leopard gecko completely misses you.
Some of the chunks of flesh in your inventory have rotted away.
You closely miss the jackal.
The jackal is almost dead.
The jackal closely misses you.
The gnoll hits you from afar with a spear.
* * * LOW HITPOINT WARNING * * *
The leopard gecko closely misses you. The jackal barely misses you.
You hit the jackal but do no damage.
The jackal is almost dead.
The gnoll barely misses you. The leopard gecko bites you.
* * * LOW HITPOINT WARNING * * *
The jackal bites you but does no damage.
You closely miss the jackal.
The jackal is almost dead.
The gnoll hits you from afar with a spear!
You die...

# .... .. ..... #..
....g #.. #######.....
##...## #...........
.....(.#####......)[..
#wl@hgg..†...#
######g......##### ##
##(.......... ...
##......#####
...##.......##
....#........#
......#.####.....#
...............###
#####...######....


You could see 3 gnolls, a dart slug, a leopard gecko and a jackal.

Vanquished Creatures
  An adder (D:3)
  A worm (D:2)
  A dart slug (D:1)
  A leopard gecko (D:2)
  4 bats
  2 giant cockroaches
  4 goblins
  2 hobgoblins (D:1)
  2 jackals (D:3)
  A quokka (D:2)
  A ball python (D:1)
  2 frilled lizards
  4 kobolds
  3 rats
29 creatures vanquished.

Vanquished Creatures (others)
  A jackal (D:3)
1 creature vanquished.

Grand Total: 30 creatures vanquished

Notes
Turn   | Place    | Note
-------+----------+-------------------------------------------
     0 | D:1      | BearKnight92 the Draconian Fire Elementalist began the quest for the Orb.
     0 | D:1      | Reached XP level 1. HP: 14/14 MP: 3/3
   282 | D:1      | Reached XP level 2. HP: 16/20 MP: 1/5
   339 | D:1      | Found a shimmering altar of Xom.
   341 | D:1      | Found a shimmering altar of Xom.
   341 | D:1      | Found a sparkling altar of Nemelex Xobeh.
   343 | D:1      | Found a basalt altar of Yredelemnul.
   343 | D:1      | Found a blossoming altar of Fedhas.
   343 | D:1      | Found a burning altar of Makhleb.
   924 | D:2      | Reached XP level 3. HP: 26/26 MP: 4/6
   966 | D:2      | Found a faded altar of an unknown god.
  1072 | D:3      | Slain by a gnoll

Vault maps used:
D:1:      onia_arrival_mini_spirals, doesnt_xom_only_xom
D:2:      chequers_ecumenical_altar_simple_redux, serial_forest,
          infiniplex_forest_straight_3, infiniplex_forest_lined_room_2,
          infiniplex_forest_corner_1, infiniplex_forest_clump_diagonal,
          infiniplex_forest_end_double, infiniplex_forest_clump_cross,
          infiniplex_forest_end_2

Action                   || total
-------------------------++-------
Melee: Unarmed           ||    18
 Cast: Flame Tongue      ||    42
Evoke: Wand              ||     1
  Use: Scroll            ||     2
  Eat: Chunk             ||     1
Armor: Skin              ||    17
Dodge: Dodged            ||    33
